[Event "Masterklassen 2025"]
[Site "Uppsala, Sweden"]
[Date "2025.06.28"]
[Round "1.2"]
[White "Crevatin, Leo"]
[Black "Jaderberg, Bjorn"]
[Result "1/2-1/2"]
[TimeControl "90 min for 40 move + 30 min with an increment of 30 sec starting move 1"]
[WhiteTitle "FM"]
[WhiteFideId "1726307"]
[BlackFideId "1712403"]
[WhiteElo "2248"]
[BlackElo "2112"]

1. d4 e6 2. c4 f5 3. Nc3 Nf6 4. e3 Be7 5. Bd3 Nc6 6. Nge2 O-O 7. a3 a5 8. Qc2 g6 9. Bd2 e5 10.
f3 Kg7 11. O-O d6 12. Nd5 Nb8 13. Nxe7 Qxe7 14. Nc3 Be6 15. Be1 Nbd7 16. Bh4 Qe8 17. Rad1 c6 18. d5 Bg8 19. dxc6 bxc6 20.
e4 f4 21. Be2 Qe6 22. Qd2 Ne8 23. Na4 h6 24. Bf2 Rf7 25. Qc3 c5 26. Qd3 Nb8 27. Qd5 Qxd5 28. cxd5 Rb7 29. Rd2 Bf7 30.
g3 g5 31. Bc4 Nd7 32. Nc3 Nc7 33. Kg2 Rab8 34. Rb1 Be8 35. Be1 Nb6 36. Be2 Na4 37. Nxa4 Bxa4 38. Bc4 Bb3 39. Bf1 a4 40.
Rf2 Kf6 41. Bc3 Nb5 1/2-1/2

[Event "Masterklassen 2025"]
[Site "Uppsala, Sweden"]
[Date "2025.06.28"]
[Round "1.3"]
[White "Jonsson, Jacob"]
[Black "Tornberg, Carlos"]
[Result "1-0"]
[TimeControl "90 min for 40 move + 30 min with an increment of 30 sec starting move 1"]
[WhiteFideId "1726315"]
[BlackFideId "1733478"]
[WhiteElo "2112"]
[BlackElo "2233"]

1. d4 Nf6 2. c4 e6 3. Bf4 c5 4. d5 exd5 5. cxd5 d6 6. Nc3 g6 7. h3 Bg7 8. Nf3 O-O 9. e3 Na6 10.
Nd2 Re8 11. Bb5 Bd7 12. Bxa6 bxa6 13. Nc4 Ne4 14. Nxe4 Rxe4 15. Rc1 Rxc4 16. Rxc4 Qa5+ 17. Qd2 Qxa2 18. Rc1 Rb8 19. O-O Rxb2 20.
Qd1 Rd2 21. Qf3 Rxd5 22. Rfd1 Bc6 23. Rxd5 Bxd5 24. e4 Be6 25. Bxd6 c4 26. e5 h5 27. g4 hxg4 28. hxg4 Qa5 29. Qe3 Qd8 30. g5 Qd7 31. Rb1 Bg4 32. Rb8+ Kh7 33. Ra8 Qf5 34. f4 Bh5 35. Rxa7 Qb1+ 36. Kg2 Qb2+ 37. Kg3 Qb5 38. Rxf7 Kg8 39. Rc7 Qd5 40. Rc5 Qe6 41. Kf2 Bg4 42. Qd4 Qf7 43. Rc7 Qe8 44. Qxc4+ Be6 45. Qxa6 1-0

[Event "Masterklassen 2025"]
[Site "Uppsala, Sweden"]
[Date "2025.06.28"]
[Round "1.4"]
[White "Mardell, Jimmy"]
[Black "Nygren, David"]
[Result "0-1"]
[TimeControl "90 min for 40 move + 30 min with an increment of 30 sec starting move 1"]
[WhiteFideId "1705610"]
[BlackFideId "1704761"]
[WhiteElo "2227"]
[BlackElo "2094"]

1. e4 c5 2. Nf3 Nc6 3. d4 cxd4 4. Nxd4 e5 5. Nb5 d6 6. N1c3 a6 7. Na3 Be7 8. Nc4 Be6 9. Ne3 Rc8 10.
Bd3 Nf6 11. O-O O-O 12. a3 Nd7 13. Ncd5 Nc5 14. b4 Nxd3 15. Qxd3 Bg5 16. Nc4 Bxc1 17. Raxc1 Bxd5 18. exd5 Ne7 19.
Na5 Ng6 20. g3 Qd7 21. c4 f5 22. f4 Rce8 23. c5 exf4 24. c6 bxc6 25. dxc6 Qa7+ 26. Kh1 fxg3 27. hxg3 Qf7 28. Nc4 Qe6 29.
Rce1 Ne5 30. Nxe5 dxe5 31. Rc1 Qh6+ 32. Kg2 e4 33. Qc4+ Kh8 34. c7 Rc8 35. Qc5 Qf6 36. Rc2 h6 37.
Rd1 f4 38. Qd6 f3+ 39. Kf2 e3+ 40. Kxe3 Rce8+ 41. Kf2 Re2+ 42. Rxe2 fxe2+ 43. Qxf6 exd1=N+ 0-1

[Event "Masterklassen 2025"]
[Site "Uppsala, Sweden"]
[Date "2025.06.28"]
[Round "1.5"]
[White "Soppela, Toni"]
[Black "Eklund, Joel"]
[Result "1/2-1/2"]
[TimeControl "90 min for 40 move + 30 min with an increment of 30 sec starting move 1"]
[WhiteFideId "1766163"]
[BlackFideId "1705288"]
[WhiteElo "2090"]
[BlackElo "2194"]

1. d4 Nf6 2. c4 e6 3. Nc3 d5 4. cxd5 exd5 5. Bg5 c6 6. Qc2 Be7 7. e3 Nbd7 8. Bd3 h6 9. Bh4 Nh5 10.
Bxe7 Qxe7 11. Nge2 Nb6 12. O-O O-O 13. Rfe1 Bd7 14. a3 a5 15. b4 axb4 16. axb4 Qxb4 17. Rxa8 Rxa8 18. Rb1 Qa5 19.
Qb3 Nc8 20. Qxb7 Nf6 21. h3 Nd6 22. Qb4 Qxb4 23. Rxb4 Kf8 24. f3 Ra3 25. Kf2 Ke7 26. e4 dxe4 27. fxe4 Nfe8 28. Ra4 Rxa4 29.
Nxa4 Nc7 30. Nc5 Ne6 31. Nxd7 Kxd7 32. Ke3 1/2-1/2

[Event "Masterklassen 2025"]
[Site "Uppsala, Sweden"]
[Date "2025.06.28"]
[Round "1.6"]
[White "Lundberg, David"]
[Black "Kingsley, Elias"]
[Result "0-1"]
[TimeControl "90 min for 40 move + 30 min with an increment of 30 sec starting move 1"]
[WhiteFideId "1707051"]
[BlackFideId "1775006"]
[WhiteElo "2193"]
[BlackElo "2072"]

1. e4 c5 2. Nf3 e6 3. d4 cxd4 4. Nxd4 Nf6 5. Nc3 Nc6 6. Nxc6 bxc6 7. e5 Nd5 8. Ne4 Qc7 9. f4 f5 10.
exf6 gxf6 11. c4 Bb4+ 12. Kf2 Nxf4 13. Qg4 Ng6 14. Nxf6+ Kd8 15. Nxh7 Bc5+ 16. Ke1 Qe5+ 17. Kd1 Rxh7 18.
Qxg6 Rg7 19. Qh6 Rg4 20. Qh7 Ba6 21. Qc2 Rd4+ 22. Bd2 Bb4 23. Bd3 Bxd2 24. Kxd2 Bxc4 25. Qxc4 Rxc4 26. Bxc4 Qxb2+ 0-1

[Event "Masterklassen 2025"]
[Site "Uppsala, Sweden"]
[Date "2025.06.28"]
[Round "1.7"]
[White "Karde, Douglas"]
[Black "Walinder, Lars"]
[Result "1/2-1/2"]
[TimeControl "90 min for 40 move + 30 min with an increment of 30 sec starting move 1"]
[BlackTitle "FM"]
[WhiteFideId "1761498"]
[BlackFideId "1707329"]
[WhiteElo "2064"]
[BlackElo "2181"]

1. e4 c5 2. Nf3 d6 3. d3 Nc6 4. g3 g6 5. Bg2 Bg7 6. O-O e5 7. c3 Nge7 8. a3 a5 9. a4 O-O 10.
Na3 h6 11. Nb5 Bg4 12. h3 Be6 13. d4 exd4 14. cxd4 Bc4 15. Re1 Bxb5 16. axb5 Nxd4 17. Nxd4 cxd4 18. f4 Rb8 19. Qd3 Rc8 20.
Bd2 b6 21. b4 axb4 22. Bxb4 Qc7 23. Ra6 Rfd8 24. Bf1 Rd7 25. h4 d5 26. Bh3 dxe4 27. Qxe4 Nf5 28. h5 Qc4 29. hxg6 fxg6 30.
Bd2 d3 31. Bxf5 gxf5 32. Qxf5 Qc5+ 33. Qxc5 Rxc5 34. Rxb6 Rc2 35. Rb8+ Kf7 36. Rd1 Bd4+ 37. Kf1 Re7 38. Rd8 Re4 39.
b6 Bxb6 40. Rxd3 Bc5 41. Kg2 Re3 42. Rd5 Rb3 43. Rc1 Rxc1 44. Bxc1 Be3 45. Bxe3 Rxe3 46. Rd6 Kg7 47. Kh3 Ra3 48.
Kg4 Ra5 49. Re6 Rb5 50. Re5 Rb1 51. Re7+ Kf6 52. Ra7 Rg1 53. f5 h5+ 54. Kxh5 1/2-1/2

[Event "Masterklassen 2025"]
[Site "Uppsala, Sweden"]
[Date "2025.06.28"]
[Round "1.8"]
[White "Hammarstrom, Ulf"]
[Black "Lind, Jan-Olov"]
[Result "1-0"]
[TimeControl "90 min for 40 move + 30 min with an increment of 30 sec starting move 1"]
[WhiteFideId "1710214"]
[BlackFideId "1701193"]
[WhiteElo "2176"]
[BlackElo "2057"]

1. e4 c5 2. Nf3 g6 3. c3 d5 4. exd5 Qxd5 5. d4 Nc6 6. Be3 Bg7 7. dxc5 Qxd1+ 8. Kxd1 Nf6 9. Bc4 O-O 10.
Nbd2 Rd8 11. Ke2 Nd5 12. Bxd5 Rxd5 13. Rhd1 h6 14. Nb3 Rxd1 15. Rxd1 e5 16. Nfd2 Be6 17. Ne4 Re8 18. Nd6 Re7 19.
Kf1 g5 20. Kg1 f5 21. f3 Kh7 22. Bf2 Rd7 23. Rd2 Bf8 24. Nc1 h5 25. b4 g4 26. fxg4 hxg4 27. Nb3 Bh6 28. Re2 e4 29.
b5 Nd8 30. Nd4 Kg6 31. Bg3 e3 32. c6 bxc6 33. bxc6 Re7 34. Bh4 Bg5 35. Bxg5 Kxg5 36. Rxe3 Kf6 37. c7 Nf7 38. Rxe6+ Rxe6 39.
Nxf7 1-0

[Event "Masterklassen 2025"]
[Site "Uppsala, Sweden"]
[Date "2025.06.28"]
[Round "1.9"]
[White "Willstedt, Lukas"]
[Black "Johnson, Daniel"]
[Result "0-1"]
[TimeControl "90 min for 40 move + 30 min with an increment of 30 sec starting move 1"]
[WhiteFideId "1751913"]
[BlackFideId "1721283"]
[WhiteElo "2055"]
[BlackElo "2175"]

1. d4 Nf6 2. Nf3 d5 3. c4 e6 4. g3 Be7 5. Bg2 O-O 6. O-O dxc4 7. Qc2 a6 8. a4 Bd7 9. Rd1 Bc6 10.
Nc3 Bxf3 11. Bxf3 Nc6 12. Bxc6 bxc6 13. a5 Qb8 14. Bg5 Qb3 15. Rdc1 Rfd8 16. e3 Rab8 17. Bxf6 Qxc2 18. Rxc2 gxf6 19.
Ne4 f5 20. Nd2 c5 21. dxc5 c3 22. bxc3 Rd5 23. c6 Rc5 24. Nf3 Bf6 25. Nd4 Bxd4 26. exd4 Rxc6 27. Ra4 Rb1+ 28. Kg2 Rd1 29.
c4 Rxd4 30. Kf1 Rc5 31. Ke2 Re5+ 32. Kf3 Kf8 33. Rb2 Ree4 34. Rb8+ Ke7 35. Ra8 Rd3+ 36. Kg2 Rd2 37. Ra3 Rxc4 38.
Rxa6 Rcc2 39. Rf3 Ra2 40. Ra8 Kf6 41. g4 Rd5 42. a6 Rda5 43. gxf5 Rxf5 44. a7 c5 45. Rc8 Rxf3 46. Kxf3 Rxa7 47.
Rxc5 Ra4 48. Kg3 e5 49. Rc6+ Kg5 50. Rc7 Ra3+ 51. Kg2 Kg6 52. Re7 f6 53. f3 h5 54. h4 Kf5 55. Kg3 Re3 56. Kg2 Kf4 57. Rh7 Rxf3 58. Rxh5 e4 59. Rh8 Rg3+ 60. Kh2 f5 61.
Re8 e3 62. Re6 Rg4 63. Kh3 Kf3 64. h5 0-1

[Event "Masterklassen 2025"]
[Site "Uppsala, Sweden"]
[Date "2025.06.28"]
[Round "1.10"]
[White "Eriksson, Jorgen"]
[Black "Schriever-Abeln, Marius"]
[Result "1-0"]
[TimeControl "90 min for 40 move + 30 min with an increment of 30 sec starting move 1"]
[WhiteFideId "1701967"]
[BlackFideId "1752650"]
[WhiteElo "2160"]
[BlackElo "2052"]

1. d4 Nf6 2. Nf3 d5 3. Bf4 c5 4. e3 Nc6 5. Nbd2 Bg4 6. c3 e6 7. h3 Bh5 8. Be2 Be7 9. O-O O-O 10.
dxc5 Bxc5 11. Ne5 Bxe2 12. Qxe2 Bd6 13.
Nxc6 bxc6 14. Bxd6 Qxd6 15. c4 Rab8 16. b3 e5 17. Qd3 Rfd8 18. cxd5 cxd5 19. Rac1 Rbc8 20. Qb1 e4 21. Rxc8 Rxc8 22.
Rc1 Re8 23. Qc2 d4 24. Nc4 Qd5 25. exd4 Qxd4 26. Rd1 Qc5 27. Qd2 h6 28. Qd4 Qc7 29. Qd6 Re7 30. Qd8+ Kh7 31. Qxc7 Rxc7 32.
Kf1 g5 33. Rd4 Kg6 34. Ke2 Rd7 35. Ne5+ 1-0

[Event "Masterklassen 2025"]
[Site "Uppsala, Sweden"]
[Date "2025.06.28"]
[Round "1.11"]
[White "Wakeham, Daniel"]
[Black "Stanley, Mikael"]
[Result "0-1"]
[TimeControl "90 min for 40 move + 30 min with an increment of 30 sec starting move 1"]
[WhiteFideId "1705482"]
[BlackFideId "1703730"]
[WhiteElo "2045"]
[BlackElo "2150"]

1. d4 Nf6 2. c4 g6 3. Nc3 Bg7 4. e4 O-O 5. h3 d6 6. Be3 c5 7. Nf3 cxd4 8. Nxd4 Nc6 9. Be2 Bd7 10. O-O Nxd4 11. Bxd4 Bc6 12. Qc2 Rc8 13. Rfd1 Qc7 14. Nd5 Bxd5 15.
exd5 b5 16. c5 dxc5 17. Bxf6 Bxf6 18. Bxb5 Rb8 19. Qc4 Qa5 20. a4 a6 21. Bxa6 Rb4 22. Qd3 Bxb2 23. Ra2 Bd4 24. Bb5 Rd8 25.
Bc6 Rd6 26. Re2 Rf6 27. Kf1 Qc7 28. g3 e5 29. Kg2 c4 30. Qa3 Rb3 31. Qc1 Rxc6 32. dxc6 Qxc6+ 33. Kh2 Rf3 34. Qc2 Rc3 35.
Qa2 Qf3 36. Rg1 e4 37. Rc2 Rxc2 38. Qxc2 Bxf2 39. Rg2 e3 40. Qc3 Qe4 41. Qf6 c3 42. Qd8+ Kg7 43. Qc7 Qd4 44. Rxf2 exf2 45.
Kg2 Qe3 46. Qc4 Qe1 47. Qd4+ f6 0-1

[Event "Masterklassen 2025"]
[Site "Uppsala, Sweden"]
[Date "2025.06.28"]
[Round "1.12"]
[White "Muntean, Victor"]
[Black "Johansson, William"]
[Result "1/2-1/2"]
[TimeControl "90 min for 40 move + 30 min with an increment of 30 sec starting move 1"]
[WhiteFideId "1054414"]
[BlackFideId "1744070"]
[WhiteElo "2140"]
[BlackElo "2026"]

1. e4 c6 2. d4 d5 3. exd5 cxd5 4.
Bd3 Nc6 5. c3 Nf6 6. h3 g6 7. Nf3 Bf5 8. Be2 Bg7 9. Bf4 O-O 10. Nbd2 Re8 11. Ne5 Nd7 12. g4 Be6 13. Nxc6 bxc6 14.
Nb3 Qb6 15. Qd2 a5 16. h4 a4 17. Nc1 c5 18. Nd3 cxd4 19. cxd4 Bxd4 20. a3 Rec8 21. Rd1 Nc5 22. Nxc5 Bxc5 23.
h5 Qa5 24. hxg6 Qxd2+ 25. Bxd2 hxg6 26. Bc3 f6 27. g5 Kg7 28. Rh4 Bd6 29. Bf3 Rc5 30. gxf6+ exf6 31. Bb4 Rc6 32. Bxd5 Bxd5 33. Rxd5 g5 34. Re4 Be5 35.
Rexe5 fxe5 36. Rxe5 Kf6 37. Rb5 g4 38. Bc3+ Kg6 39. Kf1 Rc4 40. Rb6+ Kg5 41. Kg2 Rf8 42. Rb5+ Kf4 43. Bb4 Ra8 44. Bd6+ Ke4 45. Rg5 Kd3 46. Kg3 Rd8 47. Be7 Re8 48.
Rd5+ Kc2 49. Bf6 Rb8 50. Re5 Rb3+ 51. Kg2 Kb1 52. Re1+ Rc1 53. Re4 Rc6 54. Bc3 Rcxc3 55. bxc3 Rxa3 56.
Rxg4 Kb2 57. Rc4 Ra2 58. Kg3 a3 59. Rc8 Ra1 60. c4 Rg1+ 61. Kf4 a2 62. Ra8 Rc1 63. Rxa2+ Kxa2 64. Ke5 Kb3 65.
f4 Kxc4 66. f5 Re1+ 67. Kd6 Rf1 68. Ke6 Ra1 69. f6 Ra6+ 70. Ke5 Ra7 71. Ke6 Ra6+ 72. Ke5 Ra7 1/2-1/2

[Event "Masterklassen 2025"]
[Site "Uppsala, Sweden"]
[Date "2025.06.28"]
[Round "1.13"]
[White "Granath, Jonas"]
[Black "Hagevi, Vidar"]
[Result "1/2-1/2"]
[TimeControl "90 min for 40 move + 30 min with an increment of 30 sec starting move 1"]
[WhiteFideId "1761013"]
[BlackFideId "1767526"]
[WhiteElo "2008"]
[BlackElo "2139"]

1. e4 c5 2. c3 Nf6 3. e5 Nd5 4. d4 cxd4 5. cxd4 d6 6. Nf3 e6 7. Bc4 Be7 8. O-O O-O 9. Qe2 dxe5 10.
dxe5 Bd7 11. Qe4 Bc6 12. Qg4 Kh8 13. Nbd2 Nd7 14. Ne4 N5b6 15. Bd3 Nc5 16. Nxc5 Bxc5 17. Rd1 Bxf3 18. Qxf3 Qd5 19.
Qh3 g6 20. Bf4 Rfd8 21. Qh4 Bd4 22. Rac1 Bxe5 23. Be2 Bxf4 24. Rxd5 Nxd5 25. Rd1 Bc7 26. g3 Bb6 27. Bf3 Rac8 28.
Bxd5 exd5 29. Qe7 d4 30. Qxf7 Rf8 31. Qd5 Rf5 32. Qd7 Rcf8 33. Rd2 d3 34. Kg2 Rxf2+ 35. Rxf2 Rxf2+ 36. Kh3 d2 37.
Qe8+ Kg7 38. Qe7+ Kg8 39. Qe8+ Kg7 40. Qe7+ Kg8 41. Qe8+ Kg7 1/2-1/2

[Event "Masterklassen 2025"]
[Site "Uppsala, Sweden"]
[Date "2025.06.28"]
[Round "1.14"]
[White "Mashhadi, Peyman"]
[Black "Malm, Simon"]
[Result "0-1"]
[TimeControl "90 min for 40 move + 30 min with an increment of 30 sec starting move 1"]
[WhiteFideId "1768581"]
[BlackFideId "1759825"]
[WhiteElo "2132"]
[BlackElo "2007"]

1. e4 c6 2. d4 d5 3. e5 c5 4. dxc5 e6 5. Be3 Nd7 6. b4 a5 7. c3 axb4 8. cxb4 b6 9. c6 Bxb4+ 10. Nd2 Nxe5 11. Bb5 Qc7 12. Ngf3 Ne7 13. Nxe5 Qxe5 14. c7+ Kf8 15. Rb1 d4 16. Rxb4 dxe3 17. Nf3 Qc3+ 18. Kf1 Nd5 19.
Rb3 Qxc7 20. a4 Ba6 21. fxe3 Bxb5+ 22. axb5 Qc4+ 23. Kg1 f6 24. h4 Kf7 25. Kh2 Rhd8 26. Rf1 Kg8 27. Rd3 Qc7+ 28.
Kh3 Nxe3 29. Qc1 Qxc1 30. Rxd8+ Rxd8 31. Rxc1 Rd5 32. Rc6 Rxb5 33. Rxe6 Nd5 34. Rd6 h5 35. Nd4 Rc5 36. Rd7 Rc3+ 37. Kh2 Ne3 38. Nf3 Ng4+ 39. Kg3 Ne5 40. Rb7 Nxf3 41. gxf3 Rb3 42.
Kf4 Kh7 43. Rc7 Kh6 44. Rc6 Kg6 45. Rc7 Rb4+ 46. Kg3 b5 47. Rb7 Rb1 48. Kf4 b4 49. Rb5 b3 50. Kg3 b2 51. Kg2 Kf7 52.
f4 Ke6 53. f5+ Kd6 54. Rb7 Ke5 55. Rb5+ Kd4 56. Rb7 Ke4 57. Rb5 Kf4 58. Kh2 Kg4 59. Kg2 Kxh4 60. Kh2 Kg4 0-1

[Event "Masterklassen 2025"]
[Site "Uppsala, Sweden"]
[Date "2025.06.28"]
[Round "1.15"]
[White "Darnell, Anton"]
[Black "Ask, Josef"]
[Result "1/2-1/2"]
[TimeControl "90 min for 40 move + 30 min with an increment of 30 sec starting move 1"]
[BlackTitle "FM"]
[WhiteFideId "1720244"]
[BlackFideId "1704583"]
[WhiteElo "2007"]
[BlackElo "2121"]

1. d4 b6 2. e4 Bb7 3. Bd3 e6 4. Qe2 g6 5. Nf3 Bg7 6. c3 Ne7 7. h4 h6 8. Nbd2 d6 9. a4 a6 10.
Nf1 Nd7 11. Ng3 Ra7 12. Bd2 Qa8 13. O-O e5 14. Rfe1 O-O 15. h5 c5 16. dxe5 dxe5 17. Bc4 Kh8 18. Nh4 Nf6 19. Rad1 Bc8 20.
Bxf7 Rxf7 21. hxg6 Rf8 22. Nhf5 Nxf5 23. Nxf5 Bxf5 24. exf5 Re7 25. g4 e4 26. g5 hxg5 27. Bxg5 Qb7 28.
Rd6 b5 29. Red1 Qc8 30. Bxf6 Bxf6 31. Qh5+ Kg8 32. Kg2 Be5 33. Re6 Rxf5 34. Qxf5 Qxe6 35. Rd8+ Kg7 36. Qxe4 Qxg6+ 37.
Qxg6+ Kxg6 38. axb5 axb5 39. Rd5 Bf6 40. Rxc5 Re5 41. Rc6 Kf5 42. Kf3 Be7 43. b4 Re6 44. Rc8 Re4 45. Rb8 Re5 46.
Rc8 Rd5 47. c4 Rd3+ 48. Ke2 Rc3 49. Re8 Bxb4 50. cxb5 Rb3 51. f3 Bc5 52. Rb8 Kf4 53. Kd2 Kxf3 54. Kc2 Rb4 55. Kc3 Ke4 56.
b6 Bd6 57. Rd8 Rxb6 58. Re8+ Be5+ 59. Kc4 Rc6+ 60. Kb5 Rc1 61. Rd8 Rc2 62. Rd7 Rb2+ 63. Kc4 Rb8 64. Rh7 Rc8+ 65. Kb3 Kd5 66.
Rd7+ Bd6 67. Rh7 Rb8+ 68. Kc2 Be5 69. Rh4 Rb2+ 70. Kd3 Ra2 71. Rg4 Bf6 72. Rg6 Ra3+ 73. Ke2 Be5 74. Rg4 Bd4 75.
Rh4 Rg3 76. Rh5+ Kc4 77. Rh4 Kc3 78. Re4 Rh3 79. Re8 Rh2+ 80. Kf3 Kd3 81. Ra8 Rf2 82. Kg3 Rf7 83. Re8 Bb6 84. Kg4 Be3 85.
Rd8+ Ke2 86. Re8 Rf6 87. Ra8 Rf4+ 88. Kg3 Rf7 89. Kg4 Bc5 90. Re8+ Kf2 91. Ra8 Bd6 92. Ra4 Ke3 93. Rc4 Be5 94.
Kg5 Bd4 95. Kg6 Rf2 96. Rc1 Rf8 97. Re1+ Kf2 98. Re4 Bc3 99. Rc4 Rf3 100. Ra4 Kg3 101. Rc4 Be5 102. Ra4 Rf6+ 103. Kg5 Rc6 104. Rg4+ Kf3 105. Ra4 Bc3 106.
Rf4+ Ke2 107. Re4+ Kd3 108. Ra4 Bd4 1/2-1/2

[Event "Masterklassen 2025"]
[Site "Uppsala, Sweden"]
[Date "2025.06.28"]
[Round "1.16"]
[White "Dingertz, Erik"]
[Black "Ostensson, Julia"]
[Result "1-0"]
[TimeControl "90 min for 40 move + 30 min with an increment of 30 sec starting move 1"]
[WhiteFideId "1741578"]
[BlackFideId "1747703"]
[WhiteElo "2121"]
[BlackElo "2005"]

1. c4 Nf6 2. Nc3 g6 3. e4 d6 4.
d4 Bg7 5. Nf3 O-O 6. Be2 e5 7. Be3 Ng4 8. Bg5 f6 9. Bc1 Nc6 10. O-O f5 11. dxe5 Ngxe5 12. Nxe5 Bxe5 13. f4 Bxc3 14.
bxc3 Qe7 15. exf5 Bxf5 16. Bf3 Rae8 17. c5 dxc5 18. Qb3+ c4 19. Qxc4+ Be6 20. Qb5 a6 21. Qxb7 Qc5+ 22.
Kh1 Na5 23. Qb4 Qb5 24. Ba3 Rf7 25. Rae1 Nc4 26. Qxb5 axb5 27. Bd5 Nxa3 28. Bxe6 Nc2 29. Bxf7+ Kxf7 30. Rxe8 Kxe8 31. Rd1 Na3 32.
Rd5 Ke7 33. f5 c6 34. fxg6 hxg6 35. Rg5 1-0

[Event "Masterklassen 2025"]
[Site "Uppsala, Sweden"]
[Date "2025.06.29"]
[Round "2.1"]
[White "Sundin, Emanuel"]
[Black "Cederstam, Carl"]
[Result "0-1"]
[TimeControl "90 min for 40 move + 30 min with an increment of 30 sec starting move 1"]
[BlackTitle "FM"]
[WhiteFideId "1719173"]
[BlackFideId "1713329"]
[WhiteElo "2117"]
[BlackElo "2316"]

1. e4 e5 2. Nf3 Nc6 3. Nc3 Nf6 4. d4 exd4 5. Nd5 Nb4 6. Bc4 Nbxd5 7. exd5 Bb4+ 8. Kf1 Be7 9. Qxd4 c5 10.
Qd3 d6 11. Bb5+ Bd7 12. a4 O-O 13. h3 Ne8 14. g3 Nc7 15. Bxd7 Qxd7 16. Kg2 b6 17. h4 Rae8 18. Ng5 f5 19.
c3 Bf6 20. Bf4 Be5 21. Bd2 h6 22. Nf3 Qf7 23. Nxe5 dxe5 24. c4 f4 25. Qe4 fxg3 26. f3 Qd7 27. Rh3 Ne6 28. Rxg3 Nf4+ 29.
Kf2 Kh8 30. Bc3 Nh5 31. Bxe5 Rf5 32. Rxg7 Nxg7 33. Bxg7+ Kxg7 34. Rg1+ Kh8 0-1

[Event "Masterklassen 2025"]
[Site "Uppsala, Sweden"]
[Date "2025.06.29"]
[Round "2.2"]
[White "Nygren, David"]
[Black "Hammarstrom, Ulf"]
[Result "1/2-1/2"]
[TimeControl "90 min for 40 move + 30 min with an increment of 30 sec starting move 1"]
[WhiteFideId "1704761"]
[BlackFideId "1710214"]
[WhiteElo "2094"]
[BlackElo "2176"]

1. e4 e5 2. Nf3 Nf6 3. d4 Nxe4 4. Bd3 d5 5. Nxe5 Nd7 6. Nxd7 Bxd7 7. O-O Bd6 8. c4 c6 9. Nc3 Nxc3 10.
bxc3 O-O 11. cxd5 cxd5 12. Qf3 Qc7 13. h3 Be6 14. Re1 Rac8 15. Bd2 a6 16. Re2 Qd7 17. Rae1 Rfe8 18. Re3 g6 19.
Bc2 Bf8 20. R3e2 Bg7 21. Bb3 Rf8 22. Bc1 Rc6 23. Bd2 Rfc8 24. Qg3 Qd6 25. Bf4 Qd7 26. Bd2 Qd6 27. Bf4 1/2-1/2

[Event "Masterklassen 2025"]
[Site "Uppsala, Sweden"]
[Date "2025.06.29"]
[Round "2.3"]
[White "Johnson, Daniel"]
[Black "Jonsson, Jacob"]
[Result "1/2-1/2"]
[TimeControl "90 min for 40 move + 30 min with an increment of 30 sec starting move 1"]
[WhiteFideId "1721283"]
[BlackFideId "1726315"]
[WhiteElo "2175"]
[BlackElo "2112"]

1. e4 e6 2. d4 d5 3. exd5 exd5 4. Nf3 Nc6 5. Bb5 Bd6 6. c4 Bd7 7. O-O a6 8. Re1+ Be7 9. Bxc6 bxc6 10.
c5 Kf8 11. Ne5 Bf6 12. Nd2 Ne7 13. Nb3 Ng6 14. Qd3 Bxe5 15. dxe5 Qe7 16. Bd2 h5 17. Nd4 Kg8 18. Rac1 Nf8 19.
f4 Ne6 20. f5 Nxd4 21. f6 Qe6 22. Qxd4 g6 23. h3 Qe8 24. e6 Bxe6 25. Re5 Qd7 26. Rce1 Kf8 27. Bc3 Rh7 28. Qf4 Ke8 29.
Bd4 Kd8 30. Qd2 Kc8 31. R1e3 Qe8 32. Qe1 Kd7 33. Qa5 Rh8 34. Qc3 Rf8 35. Re1 Rb8 36. b3 Kd8 37. Qe3 Kd7 38. Qf4 Kc8 39.
Qf1 Ra8 40. Be3 Qd7 41. Bd4 Re8 42. Qf4 Kb7 43. Qe3 Rab8 44. Qe2 1/2-1/2

[Event "Masterklassen 2025"]
[Site "Uppsala, Sweden"]
[Date "2025.06.29"]
[Round "2.4"]
[White "Kingsley, Elias"]
[Black "Eriksson, Jorgen"]
[Result "1-0"]
[TimeControl "90 min for 40 move + 30 min with an increment of 30 sec starting move 1"]
[WhiteFideId "1775006"]
[BlackFideId "1701967"]
[WhiteElo "2072"]
[BlackElo "2160"]

1. d4 d5 2. c4 e6 3. Nf3 Nf6 4. Nc3 Bb4 5. Bg5 Nbd7 6. e3 c5 7. cxd5 exd5 8. Be2 Qa5 9. O-O Bxc3 10.
bxc3 O-O 11. c4 dxc4 12. Bxc4 Ne4 13. Bf4 Ndf6 14. Qb3 cxd4 15. exd4 Qf5 16. Bg3 b6 17. Rfe1 Be6 18. d5 Bd7 19.
Ne5 Nd2 20. Qd3 Nxc4 21. Qxc4 Rfc8 22. Qb3 Qc2 23. Nxd7 Nxd7 24. Re8+ Nf8 25. Qxc2 1-0

[Event "Masterklassen 2025"]
[Site "Uppsala, Sweden"]
[Date "2025.06.29"]
[Round "2.5"]
[White "Stanley, Mikael"]
[Black "Odell-Johansson, Leo"]
[Result "0-1"]
[TimeControl "90 min for 40 move + 30 min with an increment of 30 sec starting move 1"]
[WhiteFideId "1703730"]
[BlackFideId "1722727"]
[WhiteElo "2150"]
[BlackElo "1991"]

1. e4 c5 2. Nf3 Nc6 3. c3 Nf6 4. e5 Nd5 5. d4 cxd4 6. cxd4 d6 7. Bc4 dxe5 8. dxe5 Ndb4 9. Qb3 e6 10.
O-O Na5 11. Bb5+ Bd7 12. Qa4 Bxb5 13. Qxb5+ Nac6 14. Nc3 a6 15. Qc4 Qd3 16. Qg4 Qg6 17. Qh3 Be7 18. Bf4 O-O 19. Rae1 Nd3 20.
Re4 Rad8 21. Bg3 h5 22. Nh4 Qh7 23. f4 Rd4 24. Re2 Bxh4 25. Qxh4 Ndxe5 26. fxe5 Rxh4 27. Bxh4 Qd3 28. Rf3 Qd4+ 29.
Bf2 Qb4 30. Rh3 Rd8 31. Rh4 Qa5 32. Rxh5 f5 33. g4 g6 34. Rh3 Nxe5 35. gxf5 exf5 36. Bh4 Rd4 37. Bf6 Rg4+ 38. Kh1 Qc5 39.
Rg3 Rxg3 40. hxg3 Qc6+ 0-1

[Event "Masterklassen 2025"]
[Site "Uppsala, Sweden"]
[Date "2025.06.29"]
[Round "2.6"]
[White "Malm, Simon"]
[Black "Dingertz, Erik"]
[Result "1-0"]
[TimeControl "90 min for 40 move + 30 min with an increment of 30 sec starting move 1"]
[WhiteFideId "1759825"]
[BlackFideId "1741578"]
[WhiteElo "2007"]
[BlackElo "2121"]

1. d4 Nf6 2. c4 e6 3. Nf3 d5 4. Nc3 Be7 5. Bf4 O-O 6. e3 b6 7. Bd3 Bb7 8. cxd5 exd5 9. h3 c5 10.
Rc1 Nc6 11. O-O Rc8 12. Bf5 Ra8 13. Re1 h6 14. Ne5 Bd6 15. Qa4 Ne7 16. Bb1 Re8 17. Nb5 Bb8 18. dxc5 bxc5 19. Rxc5 Qb6 20.
Rec1 Bxe5 21. Bxe5 Nd7 22. Bd4 Nxc5 23. Bxc5 Qc6 24. Qc2 Ng6 25. Nd4 Qf6 26. b4 Bc8 27. Nb5 Re4 28. Bd4 Qg5 29.
Qc6 Bxh3 30. Qxa8+ Kh7 31. Bxe4 dxe4 32. Qxe4 Bf5 33. Qd5 Nh4 34. Nd6 1-0

[Event "Masterklassen 2025"]
[Site "Uppsala, Sweden"]
[Date "2025.06.29"]
[Round "2.7"]
[White "Johansson, William"]
[Black "Crevatin, Leo"]
[Result "0-1"]
[TimeControl "90 min for 40 move + 30 min with an increment of 30 sec starting move 1"]
[BlackTitle "FM"]
[WhiteFideId "1744070"]
[BlackFideId "1726307"]
[WhiteElo "2026"]
[BlackElo "2248"]

1. e4 c6 2. d4 d5 3. exd5 cxd5 4. Nf3 Nc6 5. Ne5 Nf6 6. Bb5 Bd7 7. Nxd7 Qxd7 8. c3 e6 9. Nd2 Bd6 10.
O-O a6 11. Bd3 O-O 12. Re1 h6 13. Nf1 Qc7 14. Ng3 Bf4 15. Qf3 Bxc1 16. Raxc1 Rfe8 17. Rcd1 Qb6 18. Nh5 Nxh5 19. Qxh5 Qxb2 20.
Re3 Re7 21. Rg3 Kf8 22. Bh7 Rd7 23. Qg4 f5 24. Qh5 Rf7 25. h4 Rc8 26. Rdd3 Qc1+ 27. Kh2 Ne7 28. Qe2 Qf4 29. Kh3 g5 30.
hxg5 hxg5 31. Qh5 Qh4+ 32. Qxh4 gxh4 33. Rg6 Nxg6 34. Bxg6 Rg7 35. Bh5 Rgc7 36. Kxh4 Rxc3 37. Rd1 Rc1 38.
Rd3 R8c3 39. Rd2 R1c2 0-1